Map: Cyber Forest LE

Players

TLO

  • Race: Zerg Zerg
  • Spawn Location: 5:00

SKillous - Winner!

  • Race: Protoss Protoss
  • Spawn Location: 11:00

Event: 2019 WCS Spring

VOD

Have the link to the VOD?

Description

Time

  • Played on: May 18, 2019, 7 a.m.
  • Length: 9:49

All games in this series

Show
View Real Time Build Order
Export as new Build Order

TLO Zerg 

Build Orders: Hatch First 

Get SALT Encoding   

  12  0:00  Drone  
  13  0:12  Overlord  
  13  0:18  Drone  
  14  0:31  Drone x2  
  16  0:43  Drone  
  17  0:55  Hatchery  
  16  0:57  Drone  
  16  1:00  Drone  
  18  1:09  Extractor  
  17  1:17  Spawning Pool  
  16  1:21  Drone  
  16  1:24  Drone  
  18  1:28  Drone  
  19  1:39  Drone  
  20  1:49  Overlord  
  20  2:04  Queen  
  20  2:08  Roach Warren  
  21  2:12  Queen  
  23  2:19  Zergling x4  
  25  2:23  Drone  
  26  2:30  Overlord  
  26  2:33  Zergling x2  
  27  2:50  Roach  
  29  2:53  Roach  
  29  2:54  Queen  
  31  3:04  Roach  
  33  3:06  Drone  
  33  3:10  Overlord  
  33  3:11  Ravager  
  35  3:13  Ravager  
  35  3:18  Spine Crawler  
  34  3:25  Roach  
  36  3:32  Ravager  
  37  3:37  Queen  
  39  3:43  Drone  
  40  3:54  Overlord  
  40  3:55  Zergling x6  
  43  4:00  Zergling x2  
  43  4:02  Zergling x2  
  43  4:09  Metabolic Boost  
  43  4:15  Zergling x2  
  43  4:16  Zergling x2  
  45  4:17  Zergling x2  
  46  4:27  Zergling x2  
  46  4:28  Zergling x4  
  49  4:33  Zergling x2  
  49  4:37  Zergling x4  
  52  4:41  Zergling x2  
  52  4:45  Zergling x2  
  54  4:47  Zergling x2  
  54  4:52  Zergling x2  
  56  5:02  Roach x2  
  56  5:04  Roach  
  55  5:08  Roach  
  55  5:14  Roach  
  52  5:15  Zergling x2  
  52  5:19  Zergling x2  
  53  5:23  Roach  
  53  5:27  Extractor  
  54  5:32  Ravager  
  54  5:34  Zergling x6  
  58  5:38  Zergling x2  
  59  5:44  Overlord  
  59  5:51  Zergling x2  
  59  5:54  Overlord  
  58  5:58  Zergling x2  
  58  6:00  Zergling x2  
  58  6:03  Zergling x2  
  55  6:07  Roach  
  48  6:11  Zergling x2  
  48  6:14  Zergling x2  
  48  6:17  Zergling x2  
  46  6:21  Zergling x2  
  46  6:24  Zergling x2  
  47  6:26  Ravager  
  47  6:29  Zergling x2  
  47  6:32  Zergling x2  
  50  6:46  Roach  
  50  6:49  Roach x2  
  50  6:51  Roach  
  52  6:58  Roach  
  52  7:00  Zergling x2  
  51  7:07  Zergling x2  
  49  7:11  Roach  
  49  7:12  Zergling x2  
  50  7:21  Zergling x2  
  51  7:23  Zergling x2  
  51  7:27  Ravager  
  53  7:32  Queen  
  53  7:36  Zergling x2  
  55  7:51  Zergling x4  
  54  7:53  Zergling x2  
  54  7:56  Ravager x2  
  56  8:02  Zergling x2  
  56  8:05  Zergling x2  
  58  8:09  Zergling x2  
  58  8:11  Ravager  
  60  8:18  Zergling x2  
  61  8:22  Zergling x2  
  61  8:29  Zergling x4  
  57  8:36  Roach  
  52  8:42  Roach  
  47  8:49  Roach  
  47  8:55  Zergling x2  
  45  8:58  Ravager  
  45  9:00  Zergling x2  
  47  9:05  Zergling x2  
  49  9:10  Zergling x2  
  49  9:12  Ravager  
  49  9:14  Ravager  
  51  9:20  Zergling x2  
  52  9:24  Zergling x2  
Show
View Real Time Build Order
Export as new Build Order

SKillous Protoss - Winner!

Build Orders: 1 Gate Expand 

Get SALT Encoding   

  12  0:00  Probe  
  13  0:13  Probe  
  14  0:19  Pylon  
  14  0:25  Probe  
  15  0:34  Probe  
  15  0:42  Probe  
  16  0:44  Gateway  
  17  0:51  Assimilator  
  17  0:52  Probe  
  18  1:04  Probe  
  19  1:16  Probe  
  20  1:31  Cybernetics Core  
  20  1:37  Nexus  
  20  1:44  Pylon  
  20  1:46  Probe  
  21  1:52  Assimilator  
  21  1:57  Adept  
  21  1:58  Probe  
  24  2:10  Probe  
  25  2:18  Adept  
  25  2:20  Robotics Facility  
  25  2:22  Probe  
  28  2:35  Probe  
  29  2:49  Gateway  
  31  2:55  Pylon  
  31  2:59  Immortal  
  33  3:17  Shield Battery  
  33  3:18  Shield Battery  
  35  3:20  Sentry  
  36  3:30  Cybernetics Core  
  35  3:38  Immortal, Pylon  
  35  3:44  Shield Battery  
  39  3:58  Gateway  
  41  4:07  Sentry  
  41  4:08  Warp Gate  
  41  4:13  Warp Prism  
  41  4:14  Shield Battery  
  43  4:18  Pylon  
  43  4:27  Probe  
  44  4:34  Probe  
  45  4:43  Gateway  
  45  4:47  Pylon  
  45  4:49  Shield Battery  
  45  4:58  Immortal  
  49  5:16  Probe  
  51  5:24  Shield Battery  
  51  5:27  Probe, Gateway  
  51  5:30  Probe  
  51  5:32  Observer  
  53  5:45  Probe  
  54  5:53  Probe  
  55  5:57  Probe  
  55  5:59  Sentry  
  56  6:06  Immortal  
  48  6:32  Shield Battery, Gateway  
  48  6:34  Sentry x2  
  48  6:35  Shield Battery  
  48  6:38  Probe  
  53  6:45  Warp Prism  
  49  7:01  Zealot x2  
  48  7:06  Probe x2  
  46  7:11  Gateway  
  46  7:17  Probe  
  46  7:18  Probe  
  46  7:19  Immortal  
  52  7:24  Sentry  
  52  7:25  Sentry, Probe  
  52  7:28  Sentry  
  59  7:30  Probe  
  59  7:33  Probe  
  60  7:42  Probe  
  62  7:54  Probe  
  62  7:55  Sentry x2  
  67  7:59  Pylon  
  67  8:00  Pylon  
  67  8:01  Gateway  
  67  8:12  Immortal  
  67  8:13  Pylon  
  71  8:23  Adept x4  
  65  8:40  Warp Prism  
  63  8:43  Stalker x2  
  61  8:52  Stalker  
  57  9:00  Sentry  
  59  9:03  Gateway  
  59  9:05  Gateway  
  59  9:06  Assimilator  
  60  9:14  Sentry  
  60  9:16  Stalker  
  63  9:26  Adept x2  
  68  9:45  Adept x2  
  68  9:46  Adept x2  
Tags
 
Add a new tag
Caveats
  • Supply blocks, unpowered buildings, or Contaminate may cause inaccurate times.
  • Supply counts are checked every 10 seconds.